 Dungeon Crawl Stone Soup version 0.20.1-1-g8b1a95d (console) character file.

275 Kloppie the Slasher (level 6, -4/50 HPs)
             Began as a Merfolk Gladiator on July 23, 2017.
             Killed by divine providence
             ... invoked by an orc priest
              (16 damage)
             ... on level 3 of the Dungeon.
             The game lasted 00:03:59 (2854 turns).

Kloppie the Slasher (Merfolk Gladiator)             Turns: 2854, Time: 00:04:00

Health: -4/50      AC:  8    Str: 14    XL:     6   Next: 24%
Magic:  6/6        EV: 13    Int:  7    God:
Gold:   195        SH:  0    Dex: 18    Spells: 5/5 levels left

rFire    . . .     SeeInvis .   a - +0 long sword
rCold    . . .     Gourm    .   (no shield)
rNeg     . . .     Faith    .   i - +1 ring mail {MR+}
rPois    .         Spirit   .   c - +0 helmet
rElec    .         Reflect  .   (no cloak)
rCorr    .         Harm     .   e - +0 pair of gloves
MR       +....                  (no boots)
Stlth    +.........             (no amulet)
Regen    0.2/turn               (no ring)
MPRegen  0.1/turn               (no ring)

@: no status effects
A: change form in water, swift swim, stealthy swim
a: no special abilities


You were on level 3 of the Dungeon.
You were not hungry.

You visited 1 branch of the dungeon, and saw 3 of its levels.

You collected 195 gold pieces.

Inventory:

Hand Weapons
 a - a +0 long sword (weapon)
Missiles
 d - 3 throwing nets (quivered)
Armour
 c - a +0 helmet (worn)
 e - a +0 pair of gloves (worn)
 i - a +1 ring mail of magic resistance (worn)
Jewellery
 k - an uncursed ring of protection from fire {unknown}
 q - an uncursed amulet of regeneration {unknown}
Wands
 p - a wand of enslavement (7/24)
 r - a wand of iceblast (7/15)
Scrolls
 b - a scroll of noise {unknown}
 g - a scroll of immolation {unknown}
 h - a scroll of identify {unknown}
 j - a scroll of random uselessness {unknown}
 m - 2 scrolls of remove curse {unknown}
 n - a scroll of magic mapping {unknown}
 t - a scroll of blinking {unknown}
Potions
 l - a potion of resistance {unknown}
 u - a potion of brilliance {unknown}
Comestibles
 f - 2 bread rations
 o - 4 fruits
 s - a meat ration


   Skills:
 - Level 4.8 Fighting
 + Level 5.5 Long Blades
 - Level 2.0 Throwing
 + Level 4.9 Dodging


You had 5 spell levels left.
You didn't know any spells.

Dungeon Overview and Level Annotations

Branches:
Dungeon (3/15)

Altars:
Gozag

Annotations:
D:3 1 transporter


Message History

The orc priest invokes the aid of Beogh against you.
Pain shoots through your body!
Your legs become a tail as you enter the water.
The orc priest invokes the aid of Beogh against you.
Pain shoots through your body!
The orc priest mumbles some strange prayers to Beogh against you.
Beogh smites you!
Okay, then.
You hit the orc priest but do no damage.
The orc priest calls down the wrath of Beogh upon you.
Beogh smites you!
* * * LOW HITPOINT WARNING * * *
The shadow imp completely misses you.
The orc priest mumbles some strange prayers to Beogh against you.
Beogh smites you!
* * * LOW HITPOINT WARNING * * *
The orc priest closely misses you.
The orc priest calls down the wrath of Beogh upon you.
Beogh smites you!
You die...

.........#.#.###.##..####.#.#.#.#
)........#.#.....................
......................###.#.#.#.#
........##....)©.................
#........#.#########..#.#.#.#.#.#
#+######.#.#8P...P8#..#.#######.#
......##.#.#P.....P#..#.........#
......##.#.####'####..#.........#
......##.#.#o≈..@≈5#..#.........#
)÷....##.#.#o≈...≈o#..#.........#
#)######.#.#.≈≈≈≈≈.#............#
#.# #...#.#5≈≈⌠≈≈.#.......######
#.# #.###.#.≈≈≈≈≈.#.......#
#.####...#.#.≈...≈.#.......#
#....#...#.#.≈...≈.#..#'####
####.#...#.####+####..#.#
#.#...#.#≈..[..P#..#.##### ###


You could see 3 orc priests and 2 shadow imps.

Vanquished Creatures
  A bullfrog zombie (D:3)
  3 orc wizards (D:3)
  Robin (D:2)
  4 gnolls
  2 adders
  A worm (D:3)
  4 leopard geckos (D:3)
  11 orcs (D:3)
  6 bats
  2 giant cockroaches (D:3)
  16 goblins
  8 hobgoblins
  2 jackals
  A ball python (D:3)
  3 frilled lizards
  10 kobolds
  4 rats
79 creatures vanquished.

Notes
Turn   | Place    | Note
-------+----------+-------------------------------------------
     0 | D:1      | Kloppie the Merfolk Gladiator began the quest for the Orb.
     0 | D:1      | Reached XP level 1. HP: 16/16 MP: 1/1
    90 | D:1      | Reached XP level 2. HP: 22/23 MP: 2/2
   387 | D:1      | Reached XP level 3. HP: 29/29 MP: 3/3
   647 | D:2      | Found a faded altar of an unknown god.
   672 | D:2      | Reached skill level 4 in Long Blades
   958 | D:2      | Reached XP level 4. HP: 26/37 MP: 4/4
  1084 | D:2      | Noticed Robin
  1108 | D:2      | Killed Robin
  1274 | D:2      | Found an opulent altar of Gozag.
  1421 | D:3      | Found a transporter.
  1444 | D:3      | Reached XP level 5. HP: 26/43 MP: 5/5
  1920 | D:3      | Reached skill level 5 in Long Blades
  2401 | D:3      | Found a transporter.
  2420 | D:3      | Reached XP level 6. HP: 48/50 MP: 6/6
  2854 | D:3      | Killed from afar by an orc priest

Skill      XL: |  1  2  3  4  5 |
---------------+----------------+-----
Fighting       | 3 4 |  4.8
Long Blades    | 4 5 |  5.5
Throwing       | |  2.0
Dodging        | |  4.9

Action                   |  1- 3 |  4- 6 || total
-------------------------+-------+-------++-------
Melee: Long sword        |    63 |   155 ||   218
       Tailslap          |     1 |       ||     1
  Use: Potion            |       |     2 ||     2
  Eat: Chunk             |       |     7 ||     7
Armor: Leather armour    |    19 |    22 ||    41
       Ring mail         |       |    56 ||    56
Dodge: Dodged            |    64 |   148 ||   212
       Rpst.: Long sword |    20 |    46 ||    66
